Stars vs Sharks
Created - May 26, 2022 at 19:34
Goals
|
| Stars |
3 |
1 |
2 |
6 |
| Sharks |
2 |
0 |
2 |
4 |
|
Shots
|
| Stars |
9 |
16 |
9 |
34 |
| Sharks |
12 |
8 |
10 |
30 |
|
1st period
1. Stars , Tobias Rieder 14 (Cam Atkinson 15, Brian Lee 23) at 0:51
2. Stars , Jonathan Drouin 10 (Danny Richmond 2, Evgeny Kuznetsov 14) at 0:57
3. Sharks , Dion Phaneuf 4 (Brandon Dubinsky 35, Ben Smith 35) at 3:56 (PP)
4. Stars , Michael Grabner 29 (John Tavares 64) at 11:15
5. Sharks , Gustav Nyquist 6 (Luke Adam 7, Boone Jenner 15) at 17:17
Penalties :
Boris Valabik (Dal) for Interference (Minor) at 3:31, Danny Richmond (Dal) for Elbowing (Minor) at 15:06
2nd period
6. Stars , John Tavares 51 (Michael Grabner 40) at 10:30 (PP)
Penalties :
Oskar Osala (S.J) for High sticking (Minor) at 10:21, Cory Emmerton (Dal) for Hooking (Minor) at 13:59
3rd period
7. Stars , Guillaume Latendresse 30 (Danny Richmond 3, Paul Ladue 12) at 6:23
8. Sharks , Oscar Sundqvist 11 (Wayne Simmonds 17, Ronalds Kenins 12) at 9:01 (PP)
9. Sharks , David Booth 14 (Tyler Cuma 25, Gustav Nyquist 9) at 10:42
10. Stars , John Tavares 52 (Jonathan Drouin 25, Tyson Barrie 9) at 12:18
Penalties :
Guillaume Latendresse (Dal) for Slashing (Minor) at 8:08, Bobby Butler (S.J) for Hooking (Minor) at 18:10
Goalie Stats
Matt Murray (Dal), 26 saves from 30 shots - (0.867), W, 30-22-4, 60:00 minutes
Anders Lindback (S.J), 19 saves from 21 shots - (0.905), L, 1-5-0, 29:30 minutes
Philipp Grubauer (S.J), 9 saves from 13 shots - (0.692), 30:30 minutes
Players Stats for Stars
Player Name G A P +/- PIM S H SB GA TA FO MP PP MP PK MP
------------------------------------------------------------------------------------
Alex Chiasson 0 0 0 0 0 2 0 0 0 0 0/1 15:09 0:55 0:00
Andrew Ladd 0 0 0 0 0 2 1 0 0 1 0/1 17:09 0:55 1:49
Boris Valabik 0 0 0 2 2 0 2 1 0 0 0/0 24:52 0:47 2:27
Brian Lee 0 1 1 2 0 0 3 2 1 1 0/0 24:58 0:47 2:25
Cam Atkinson 0 1 1 0 0 3 0 1 0 1 0/0 11:49 0:00 0:18
Cory Emmerton 0 0 0 0 2 1 0 0 0 0 5/7 11:45 0:00 0:15
Danny Richmond 0 2 2 1 2 3 1 2 0 0 0/0 19:50 1:11 1:31
Evgeny Grachev 0 0 0 0 0 6 0 0 0 0 2/9 15:35 0:55 0:26
Evgeny Kuznetsov 0 1 1 1 0 1 1 0 0 0 2/4 9:03 0:00 0:45
Guillaume Latendresse 1 0 1 2 2 3 3 0 0 1 1/3 22:03 1:03 2:19
John Tavares 2 1 3 2 0 4 2 0 1 0 13/25 23:03 1:03 3:17
Jonathan Drouin 1 1 2 1 0 1 1 0 0 0 0/0 9:25 0:00 1:17
Michael Grabner 1 1 2 2 0 3 0 0 0 0 1/2 19:45 1:03 0:00
Paul Ladue 0 1 1 1 0 2 1 1 0 0 0/0 21:09 1:11 2:44
Scott Kosmachuck 0 0 0 1 0 1 4 0 0 0 0/0 8:18 0:00 0:00
Tobias Rieder 1 0 1 0 0 2 1 1 1 0 0/0 11:37 0:00 0:06
Tyler Wotherspoon 0 0 0 0 0 0 1 3 0 0 0/0 14:04 0:00 0:12
Tyson Barrie 0 1 1 0 0 0 1 0 0 1 0/0 15:06 0:00 1:13
Players Stats for Sharks
Player Name G A P +/- PIM S H SB GA TA FO MP PP MP PK MP
------------------------------------------------------------------------------------
Ben Lovejoy 0 0 0 -1 0 0 1 0 0 0 0/0 14:59 0:56 0:48
Ben Smith 0 1 1 -1 0 5 3 0 2 0 2/3 22:58 2:02 1:03
Bobby Butler 0 0 0 -1 2 0 2 0 0 0 0/0 10:43 0:52 0:00
Boone Jenner 0 1 1 0 0 0 3 0 1 0 9/13 15:18 1:03 0:26
Brandon Dubinsky 0 1 1 -1 0 4 0 0 1 0 11/25 20:54 1:53 0:00
Brandon Gormley 0 0 0 -1 0 1 4 2 0 1 0/0 21:40 1:55 0:48
David Booth 1 0 1 -1 0 1 0 0 0 1 0/1 21:16 1:53 0:28
Dion Phaneuf 1 0 1 0 0 2 2 1 0 0 0/0 11:27 1:39 0:00
Gustav Nyquist 1 1 2 -1 0 1 0 0 0 0 0/0 10:48 0:21 0:34
Jiri Tlusty 0 0 0 -1 0 0 2 0 0 0 0/0 11:09 0:42 0:00
Karl Alzner 0 0 0 -2 0 1 0 2 0 0 0/0 22:44 1:12 1:10
Luke Adam 0 1 1 -1 0 1 1 0 1 0 2/4 9:52 0:00 0:00
Mike Lundin 0 0 0 -1 0 2 2 1 0 1 0/0 27:16 2:44 1:10
Oscar Sundqvist 1 0 1 -1 0 1 0 0 0 0 2/4 12:24 2:20 0:00
Oskar Osala 0 0 0 -1 2 3 3 0 0 0 0/0 10:55 0:14 0:00
Ronalds Kenins 0 1 1 0 0 6 1 0 0 0 1/1 17:15 2:20 1:09
Tyler Cuma 0 1 1 -1 0 1 0 1 0 0 0/0 20:12 2:06 0:00
Wayne Simmonds 0 1 1 0 0 1 1 0 0 0 1/1 16:10 2:08 0:16
3 Stars
1 - John Tavares (Dal)
2 - Michael Grabner (Dal)
3 - Jonathan Drouin (Dal)
Power Play
Stars - 1 on 2 Attempt(s) - 50.00%
Sharks - 2 on 4 Attempt(s) - 50.00%
Penalty Kill
Stars - 2 on 4 Attempt(s) - 50.00%
- Score 0 goal in Penalty Kill
Sharks - 1 on 2 Attempt(s) - 50.00%
- Score 0 goal in Penalty Kill
Team Stat
Stars - Hits : 22 - Faceoff Wins : 24 - Blocked Shots : 11 - Penalty Minutes : 8
Sharks - Hits : 25 - Faceoff Wins : 28 - Blocked Shots : 7 - Penalty Minutes : 4
Official
Referees : Tom Chmielewski and Beaudry Halkidis
Linesman : Vaughan Rody and Brad Kovachik
Game Notes
Dion Phaneuf is injured at 7:41 of 2nd period (Broken Right Foot Toe)
Anders Lindback enters game at 10:30 of 2nd period
Finance
Level 1 -- Attendance: 5193 (86.55%) -- Ticket Income $519,300
Level 2 -- Attendance: 4658 (93.16%) -- Ticket Income $279,480
Level 3 -- Attendance: 1787 (89.35%) -- Ticket Income $62,545
Level 4 -- Attendance: 3395 (84.88%) -- Ticket Income $84,875
Luxury Box -- Attendance: 894 (89.40%) -- Ticket Income $178,800
Game was played at the SAP Center.
Total Attendance: 15927 (88.48%)
Total Ticket Income: $1,125,000
Other Income: $168,750
Total Income: $1,293,750
Stars
5 vs 5 Forward
Center Left Wing Right Wing Time % Phy DF OF
1 John Tavares Guillaume Latendresse Michael Grabner 40 1 2 2
2 Evgeny Grachev Andrew Ladd Alex Chiasson 30 1 2 2
3 Cory Emmerton Tobias Rieder Cam Atkinson 20 1 2 2
4 Evgeny Kuznetsov Jonathan Drouin Scott Kosmachuck 10 1 2 2
5 vs 5 Defense
Defense Defense Time % Phy DF OF
1 Brian Lee Boris Valabik 40 1 2 2
2 Danny Richmond Paul Ladue 30 1 2 2
3 Tyson Barrie Tyler Wotherspoon 20 1 2 2
4 Brian Lee Boris Valabik 10 1 2 2
PowerPlay Forward
Center Left Wing Right Wing Time % Phy DF OF
1 John Tavares Guillaume Latendresse Michael Grabner 60 0 2 3
2 Evgeny Grachev Andrew Ladd Alex Chiasson 40 0 2 3
PowerPlay Defense
Defense Defense Time % Phy DF OF
1 Brian Lee Boris Valabik 60 0 2 3
2 Danny Richmond Paul Ladue 40 0 2 3
Penalty Kill 4 Players Forward
Center Wing Time % Phy DF OF
1 John Tavares Guillaume Latendresse 60 0 3 2
2 Evgeny Grachev Andrew Ladd 40 0 3 2
Penalty Kill 4 Players Defense
Defense Defense Time % Phy DF OF
1 Brian Lee Boris Valabik 60 0 3 2
2 Danny Richmond Paul Ladue 40 0 3 2
Penalty Kill - 3 Players Forward
Forward Time % Phy DF OF
1 John Tavares 60 0 3 2
2 Evgeny Grachev 40 0 3 2
Penalty Kill - 3 Players Defense
Defense Defense Time % Phy DF OF
1 Brian Lee Boris Valabik 60 0 3 2
2 Danny Richmond Paul Ladue 40 0 3 2
4 vs 4 Forward
Center Wing Time % Phy DF OF
1 John Tavares Guillaume Latendresse 60 0 2 3
2 Evgeny Grachev Andrew Ladd 40 0 2 3
4 vs 4 Defense
Defense Defense Time % Phy DF OF
1 Brian Lee Boris Valabik 60 1 2 2
2 Danny Richmond Paul Ladue 40 1 2 2
Last Minutes Offensive
Center Left Wing Right Wing Defense Defense
John Tavares Guillaume Latendresse Michael Grabner Brian Lee Boris Valabik
Last Minutes Defensive
Center Left Wing Right Wing Defense Defense
John Tavares Guillaume Latendresse Michael Grabner Brian Lee Boris Valabik
Goaltenders
Starting : Matt Murray
Backup : Braden Holtby
Extra Forwards
Normal : Andrew Ladd, Evgeny Grachev, Cam Atkinson - PP : Andrew Ladd, Evgeny Grachev - PK : Andrew Ladd
Extra Defensemen
Normal : Paul Ladue, Tyson Barrie, Tyler Wotherspoon - PP : Paul Ladue - PK : Paul Ladue, Tyson Barrie
Penalty Shots
John Tavares, Guillaume Latendresse, Michael Grabner, Alex Chiasson, Andrew Ladd
Scratches
Andrej Sustr (Healthy), Ian White (Torn Left MCL Injury), Tyler Brenner (Healthy)
Sharks
5 vs 5 Forward
Center Left Wing Right Wing Time % Phy DF OF
1 Brandon Dubinsky David Booth Ben Smith 40 1 2 2
2 Boone Jenner Ronalds Kenins Wayne Simmonds 30 1 2 2
3 Oscar Sundqvist Jiri Tlusty Oskar Osala 20 1 2 2
4 Luke Adam Gustav Nyquist Bobby Butler 10 1 2 2
5 vs 5 Defense
Defense Defense Time % Phy DF OF
1 Dion Phaneuf Mike Lundin 40 1 2 2
2 Tyler Cuma Brandon Gormley 30 1 2 2
3 Karl Alzner Ben Lovejoy 20 1 2 2
4 Dion Phaneuf Mike Lundin 10 1 2 2
PowerPlay Forward
Center Left Wing Right Wing Time % Phy DF OF
1 Brandon Dubinsky David Booth Ben Smith 60 1 2 2
2 Oscar Sundqvist Ronalds Kenins Wayne Simmonds 40 1 2 2
PowerPlay Defense
Defense Defense Time % Phy DF OF
1 Dion Phaneuf Mike Lundin 60 1 2 2
2 Tyler Cuma Brandon Gormley 40 1 2 2
Penalty Kill 4 Players Forward
Center Wing Time % Phy DF OF
1 Ben Smith Ronalds Kenins 60 1 4 0
2 Boone Jenner Wayne Simmonds 40 1 4 0
Penalty Kill 4 Players Defense
Defense Defense Time % Phy DF OF
1 Dion Phaneuf Mike Lundin 60 1 4 0
2 Ben Lovejoy Brandon Gormley 40 1 4 0
Penalty Kill - 3 Players Forward
Forward Time % Phy DF OF
1 Ben Smith 60 1 4 0
2 Wayne Simmonds 40 1 4 0
Penalty Kill - 3 Players Defense
Defense Defense Time % Phy DF OF
1 Dion Phaneuf Mike Lundin 60 1 4 0
2 Ben Lovejoy Brandon Gormley 40 1 4 0
4 vs 4 Forward
Center Wing Time % Phy DF OF
1 Ben Smith Ronalds Kenins 60 1 2 2
2 Boone Jenner Wayne Simmonds 40 1 2 2
4 vs 4 Defense
Defense Defense Time % Phy DF OF
1 Dion Phaneuf Mike Lundin 60 1 2 2
2 Tyler Cuma Brandon Gormley 40 1 2 2
Last Minutes Offensive
Center Left Wing Right Wing Defense Defense
Brandon Dubinsky David Booth Ben Smith Dion Phaneuf Mike Lundin
Last Minutes Defensive
Center Left Wing Right Wing Defense Defense
Brandon Dubinsky David Booth Ben Smith Dion Phaneuf Mike Lundin
Goaltenders
Starting : Philipp Grubauer
Backup : Anders Lindback
Extra Forwards
Normal : Boone Jenner, Jiri Tlusty, Gustav Nyquist - PP : Boone Jenner, Jiri Tlusty - PK : Gustav Nyquist
Extra Defensemen
Normal : Karl Alzner, Brandon Gormley, Ben Lovejoy - PP : Karl Alzner - PK : Karl Alzner, Ben Lovejoy
Penalty Shots
Ben Smith, Luke Adam, David Booth, Wayne Simmonds, Oskar Osala
Scratches
Alexander Steen (Healthy), Brayden McNabb (Healthy), Steve Eminger (Healthy), Zach Boychuk (Healthy)
% Time on Ice - Stars
Lines # - Real PCT - Wanted PCT - Time Play
Normal Forward
1 - 35% - 40% - 18:43
2 - 27% - 30% - 14:14
3 - 22% - 20% - 11:31
4 - 16% - 10% - 8:18
Normal Defense
1 - 34% - 40% - 18:11
2 - 33% - 30% - 17:09
3 - 26% - 20% - 13:52
4 - 7% - 10% - 3:34
PP Forward
1 - 53% - 60% - 1:03
2 - 47% - 40% - 0:55
PP Defense
1 - 40% - 60% - 0:47
2 - 60% - 40% - 1:11
PK Forward
1 - 92% - 60% - 4:50
2 - 8% - 40% - 0:26
PK Defense
1 - 55% - 60% - 2:54
2 - 45% - 40% - 2:22
PK3 Forward
1 - 0% - 60%
2 - 0% - 40%
PK3 Defense
1 - 0% - 60%
2 - 0% - 40%
44 Forward
1 - 0% - 60%
2 - 0% - 40%
44 Defense
1 - 0% - 60%
2 - 0% - 40%
Last Minute Offensive - 0:00
Last Minute Defensive - 0:00
Total
Forward - 60:00
Defense - 60:00
|
% Time on Ice - Sharks
Lines # - Real PCT - Wanted PCT - Time Play
Normal Forward
1 - 36% - 40% - 18:58
2 - 26% - 30% - 13:46
3 - 19% - 20% - 10:10
4 - 19% - 10% - 9:52
Normal Defense
1 - 39% - 40% - 20:40
2 - 34% - 30% - 17:54
3 - 19% - 20% - 9:56
4 - 8% - 10% - 4:16
PP Forward
1 - 43% - 60% - 2:16
2 - 57% - 40% - 3:00
PP Defense
1 - 72% - 60% - 3:47
2 - 28% - 40% - 1:29
PK Forward
1 - 86% - 60% - 1:42
2 - 14% - 40% - 0:16
PK Defense
1 - 94% - 60% - 1:51
2 - 6% - 40% - 0:07
PK3 Forward
1 - 0% - 60%
2 - 0% - 40%
PK3 Defense
1 - 0% - 60%
2 - 0% - 40%
44 Forward
1 - 0% - 60%
2 - 0% - 40%
44 Defense
1 - 0% - 60%
2 - 0% - 40%
Last Minute Offensive - 0:00
Last Minute Defensive - 0:00
Total
Forward - 60:00
Defense - 60:00
|
Play-by-Play
1st period
0:01 of 1st period - Brandon Dubinsky wins face-off versus John Tavares in neutral zone.
0:12 of 1st period - Boris Valabik is hit by Ben Smith.
0:35 of 1st period - Snap shot by Wayne Simmonds.
0:35 of 1st period - Shot Misses the Net.
0:51 of 1st period - Wrist shot by Tobias Rieder.
0:51 of 1st period - Goal by Tobias Rieder - Stars : 1 - Sharks : 0.
0:52 of 1st period - Evgeny Kuznetsov wins face-off versus Luke Adam in neutral zone.
0:57 of 1st period - Wrist shot by Jonathan Drouin.
0:57 of 1st period - Goal by Jonathan Drouin - Stars : 2 - Sharks : 0.
0:58 of 1st period - John Tavares wins face-off versus Brandon Dubinsky in neutral zone.
1:07 of 1st period - Backhand shot by Michael Grabner.
1:07 of 1st period - Stopped by Philipp Grubauer with a rebound.
3:15 of 1st period - Dion Phaneuf is hit by Andrew Ladd and loses puck.
3:31 of 1st period - Minor Penalty to Boris Valabik for Interference.
3:32 of 1st period - Brandon Dubinsky wins face-off versus John Tavares in Stars zone.
3:38 of 1st period - Wrist shot by Brandon Dubinsky.
3:38 of 1st period - Shot Blocked by Paul Ladue.
3:40 of 1st period - Snap shot by Ben Smith.
3:40 of 1st period - Deflect By Brandon Dubinsky.
3:40 of 1st period - Shot Misses the Net.
3:40 of 1st period - Puck is out of play.
3:41 of 1st period - Brandon Dubinsky wins face-off versus John Tavares in Stars zone.
3:54 of 1st period - Wrist shot by Brandon Dubinsky.
3:54 of 1st period - Stopped by Matt Murray with a rebound.
3:56 of 1st period - Slapshot by Dion Phaneuf.
3:56 of 1st period - Goal by Dion Phaneuf - Stars : 2 - Sharks : 1.
3:57 of 1st period - Brandon Dubinsky wins face-off versus Evgeny Grachev in neutral zone.
4:52 of 1st period - Cam Atkinson is hit by Oskar Osala and loses puck.
5:03 of 1st period - Wrist shot by Oskar Osala.
5:03 of 1st period - Stopped by Matt Murray without a rebound.
5:04 of 1st period - Brandon Dubinsky wins face-off versus Evgeny Grachev in Stars zone.
5:09 of 1st period - Wrist shot by Brandon Dubinsky.
5:09 of 1st period - Stopped by Matt Murray with a rebound.
5:37 of 1st period - Ronalds Kenins is hit by Brian Lee and loses puck.
5:57 of 1st period - Slapshot by Dion Phaneuf.
5:57 of 1st period - Stopped by Matt Murray without a rebound.
5:58 of 1st period - Cory Emmerton wins face-off versus Brandon Dubinsky in Stars zone.
5:58 of 1st period - Cory Emmerton is hit by Mike Lundin.
6:22 of 1st period - Snap shot by Tobias Rieder.
6:22 of 1st period - Shot Misses the Net.
6:26 of 1st period - Slapshot by Cory Emmerton.
6:26 of 1st period - Stopped by Philipp Grubauer without a rebound.
6:27 of 1st period - Michael Grabner wins face-off versus Boone Jenner in Sharks zone.
6:54 of 1st period - Tyler Wotherspoon is hit by Oskar Osala and loses puck.
6:59 of 1st period - Wrist shot by Jiri Tlusty.
6:59 of 1st period - Shot Blocked by Tyler Wotherspoon.
8:07 of 1st period - Guillaume Latendresse is hit by Ben Lovejoy and loses puck.
8:20 of 1st period - Snap shot by Evgeny Grachev.
8:20 of 1st period - Shot Misses the Net.
8:22 of 1st period - Slapshot by Boris Valabik.
8:22 of 1st period - Shot Misses the Net.
8:26 of 1st period - Snap shot by Evgeny Grachev.
8:26 of 1st period - Stopped by Philipp Grubauer with a rebound.
9:33 of 1st period - Snap shot by Wayne Simmonds.
9:33 of 1st period - Shot Misses the Net.
9:35 of 1st period - Wrist shot by Ronalds Kenins.
9:35 of 1st period - Stopped by Matt Murray without a rebound.
9:36 of 1st period - Ben Smith wins face-off versus John Tavares in Stars zone.
9:37 of 1st period - Snap shot by Brandon Dubinsky.
9:37 of 1st period - Stopped by Matt Murray with a rebound.
9:52 of 1st period - Wrist shot by Brandon Dubinsky.
9:52 of 1st period - Shot Misses the Net.
10:29 of 1st period - Oscar Sundqvist is hit by Scott Kosmachuck.
11:15 of 1st period - Snap shot by Michael Grabner.
11:15 of 1st period - Goal by Michael Grabner - Stars : 3 - Sharks : 1.
11:16 of 1st period - John Tavares wins face-off versus Brandon Dubinsky in neutral zone.
11:27 of 1st period - Snap shot by Ben Smith.
11:27 of 1st period - Stopped by Matt Murray with a rebound.
11:50 of 1st period - Slapshot by Brian Lee.
11:50 of 1st period - Deflect By Evgeny Grachev.
11:50 of 1st period - Stopped by Philipp Grubauer with a rebound.
12:18 of 1st period - Wrist shot by Cam Atkinson.
12:18 of 1st period - Stopped by Philipp Grubauer with a rebound.
12:28 of 1st period - Snap shot by Oskar Osala.
12:28 of 1st period - Stopped by Matt Murray with a rebound.
12:30 of 1st period - Slapshot by Brandon Gormley.
12:30 of 1st period - Stopped by Matt Murray with a rebound.
12:32 of 1st period - Snap shot by Tyler Cuma.
12:32 of 1st period - Shot Blocked by Danny Richmond.
12:45 of 1st period - Icing by Danny Richmond.
12:46 of 1st period - Guillaume Latendresse wins face-off versus Brandon Dubinsky in Stars zone.
12:48 of 1st period - John Tavares is hit by Dion Phaneuf and loses puck.
12:52 of 1st period - Off-side.
12:53 of 1st period - John Tavares wins face-off versus Brandon Dubinsky in neutral zone.
13:59 of 1st period - Snap shot by Luke Adam.
13:59 of 1st period - Stopped by Matt Murray without a rebound.
14:00 of 1st period - Luke Adam wins face-off versus Cory Emmerton in Stars zone.
15:06 of 1st period - Minor Penalty to Danny Richmond for Elbowing.
15:07 of 1st period - John Tavares wins face-off versus Brandon Dubinsky in Stars zone.
16:16 of 1st period - Tyson Barrie is hit by Dion Phaneuf and loses puck.
17:06 of 1st period - Penalty to Danny Richmond is over, Danny Richmond is back on ice.
17:17 of 1st period - Wrist shot by Gustav Nyquist.
17:17 of 1st period - Goal by Gustav Nyquist - Stars : 3 - Sharks : 2.
17:18 of 1st period - John Tavares wins face-off versus Boone Jenner in neutral zone.
17:33 of 1st period - Paul Ladue is hit by Boone Jenner and loses puck.
18:06 of 1st period - Wrist shot by Cam Atkinson.
18:06 of 1st period - Stopped by Philipp Grubauer without a rebound.
18:07 of 1st period - Cory Emmerton wins face-off versus Oscar Sundqvist in Sharks zone.
18:16 of 1st period - Snap shot by Cam Atkinson.
18:16 of 1st period - Shot Misses the Net.
18:18 of 1st period - Snap shot by Cam Atkinson.
18:18 of 1st period - Shot Misses the Net.
19:01 of 1st period - Icing by Brandon Dubinsky.
19:02 of 1st period - John Tavares wins face-off versus Brandon Dubinsky in Sharks zone.
19:41 of 1st period - Snap shot by John Tavares.
19:41 of 1st period - Shot Misses the Net.
19:57 of 1st period - David Booth is hit by Guillaume Latendresse and loses puck.
Goals for this period are 3 for Stars vs 2 for Sharks.
Shots for this period are 9 for Stars vs 12 for Sharks.
2nd period
0:01 of 2nd period - Brandon Dubinsky wins face-off versus Alex Chiasson in neutral zone.
0:53 of 2nd period - Ben Lovejoy is hit by Jonathan Drouin and loses puck.
1:18 of 2nd period - Slapshot by Boris Valabik.
1:18 of 2nd period - Shot Misses the Net.
1:20 of 2nd period - Wrist shot by Tobias Rieder.
1:20 of 2nd period - Stopped by Philipp Grubauer without a rebound.
1:21 of 2nd period - Brandon Dubinsky wins face-off versus Evgeny Grachev in Sharks zone.
1:54 of 2nd period - Slapshot by John Tavares.
1:54 of 2nd period - Shot Blocked by Mike Lundin.
2:20 of 2nd period - Backhand shot by Ronalds Kenins.
2:20 of 2nd period - Stopped by Matt Murray with a rebound.
2:22 of 2nd period - Snap shot by Ronalds Kenins.
2:22 of 2nd period - Stopped by Matt Murray without a rebound.
2:23 of 2nd period - Brandon Dubinsky wins face-off versus Evgeny Grachev in Stars zone.
2:30 of 2nd period - Snap shot by Ben Smith.
2:30 of 2nd period - Stopped by Matt Murray with a rebound.
2:32 of 2nd period - Snap shot by Tyler Cuma.
2:32 of 2nd period - Stopped by Matt Murray without a rebound.
2:33 of 2nd period - Brandon Dubinsky wins face-off versus Evgeny Grachev in Stars zone.
2:48 of 2nd period - Snap shot by Ben Smith.
2:48 of 2nd period - Shot Misses the Net.
2:50 of 2nd period - Wrist shot by Ben Smith.
2:50 of 2nd period - Stopped by Matt Murray with a rebound.
3:20 of 2nd period - Wrist shot by Ben Smith.
3:20 of 2nd period - Shot Misses the Net.
3:22 of 2nd period - Wrist shot by Ben Smith.
3:22 of 2nd period - Stopped by Matt Murray without a rebound.
3:23 of 2nd period - Boone Jenner wins face-off versus Guillaume Latendresse in Stars zone.
3:26 of 2nd period - Snap shot by Ronalds Kenins.
3:26 of 2nd period - Shot Misses the Net.
3:28 of 2nd period - Slapshot by Mike Lundin.
3:28 of 2nd period - Stopped by Matt Murray with a rebound.
3:55 of 2nd period - Wrist shot by Oscar Sundqvist.
3:55 of 2nd period - Shot Blocked by Boris Valabik.
3:57 of 2nd period - Wrist shot by Oscar Sundqvist.
3:57 of 2nd period - Shot Blocked by Cam Atkinson.
3:59 of 2nd period - Slapshot by Karl Alzner.
3:59 of 2nd period - Deflect By Jiri Tlusty.
3:59 of 2nd period - Deflect By Tobias Rieder.
3:59 of 2nd period - Shot Blocked by Brian Lee.
3:59 of 2nd period - Puck is out of play.
4:00 of 2nd period - Boone Jenner wins face-off versus Evgeny Kuznetsov in Stars zone.
4:25 of 2nd period - Ben Lovejoy is hit by Tyson Barrie and loses puck.
5:09 of 2nd period - Gustav Nyquist is hit by Brian Lee and loses puck.
5:31 of 2nd period - Bobby Butler is hit by Brian Lee and loses puck.
5:50 of 2nd period - Wrist shot by Guillaume Latendresse.
5:50 of 2nd period - Deflect By John Tavares.
5:50 of 2nd period - Stopped by Philipp Grubauer without a rebound.
5:51 of 2nd period - John Tavares wins face-off versus David Booth in Sharks zone.
5:52 of 2nd period - Snap shot by Guillaume Latendresse.
5:52 of 2nd period - Shot Blocked by Tyler Cuma.
6:00 of 2nd period - Paul Ladue is hit by Brandon Gormley and loses puck.
6:57 of 2nd period - Icing by Danny Richmond.
6:58 of 2nd period - John Tavares wins face-off versus Boone Jenner in Stars zone.
7:41 of 2nd period - Snap shot by Michael Grabner.
7:41 of 2nd period - Shot Blocked by Dion Phaneuf.
7:41 of 2nd period - Dion Phaneuf from Sharks is injured at 7:41 of 2nd period (Broken Right Foot Toe).
7:42 of 2nd period - Boone Jenner wins face-off versus Andrew Ladd in Sharks zone.
8:09 of 2nd period - Ben Smith is hit by Guillaume Latendresse and loses puck.
8:40 of 2nd period - Wrist shot by Tobias Rieder.
8:40 of 2nd period - Shot Blocked by Brandon Gormley.
8:46 of 2nd period - Cory Emmerton is hit by Jiri Tlusty and loses puck.
8:57 of 2nd period - Bobby Butler is hit by Scott Kosmachuck.
9:03 of 2nd period - Boris Valabik is hit by Bobby Butler.
9:21 of 2nd period - Evgeny Grachev is hit by Mike Lundin and loses puck.
9:50 of 2nd period - Wrist shot by Ben Smith.
9:50 of 2nd period - Shot Blocked by Tyler Wotherspoon.
9:52 of 2nd period - Backhand shot by Mike Lundin.
9:52 of 2nd period - Stopped by Matt Murray with a rebound.
10:04 of 2nd period - Snap shot by Cam Atkinson.
10:04 of 2nd period - Stopped by Philipp Grubauer without a rebound.
10:05 of 2nd period - Cory Emmerton wins face-off versus Oscar Sundqvist in Sharks zone.
10:21 of 2nd period - Minor Penalty to Oskar Osala for High sticking.
10:22 of 2nd period - John Tavares wins face-off versus Ben Smith in Sharks zone.
10:30 of 2nd period - Snap shot by John Tavares.
10:30 of 2nd period - Goal by John Tavares - Stars : 4 - Sharks : 2.
10:30 of 2nd period - Anders Lindback enters game.
10:31 of 2nd period - Boone Jenner wins face-off versus Evgeny Grachev in neutral zone.
10:44 of 2nd period - Wrist shot by Andrew Ladd.
10:44 of 2nd period - Stopped by Anders Lindback without a rebound.
10:45 of 2nd period - Evgeny Grachev wins face-off versus Brandon Dubinsky in Sharks zone.
10:54 of 2nd period - Slapshot by Evgeny Grachev.
10:54 of 2nd period - Deflect By Alex Chiasson.
10:54 of 2nd period - Shot Misses the Net.
10:54 of 2nd period - Puck is out of play.
10:55 of 2nd period - Evgeny Grachev wins face-off versus Brandon Dubinsky in Sharks zone.
11:22 of 2nd period - Alex Chiasson is hit by Ben Smith and loses puck.
11:39 of 2nd period - Snap shot by Evgeny Grachev.
11:39 of 2nd period - Shot Misses the Net.
11:41 of 2nd period - Slapshot by Andrew Ladd.
11:41 of 2nd period - Shot Misses the Net.
11:47 of 2nd period - Snap shot by Alex Chiasson.
11:47 of 2nd period - Stopped by Anders Lindback with a rebound.
11:49 of 2nd period - Wrist shot by Alex Chiasson.
11:49 of 2nd period - Shot Misses the Net.
11:51 of 2nd period - Slapshot by Alex Chiasson.
11:51 of 2nd period - Shot Misses the Net.
12:05 of 2nd period - Wrist shot by Alex Chiasson.
12:05 of 2nd period - Stopped by Anders Lindback with a rebound.
12:11 of 2nd period - Wrist shot by Alex Chiasson.
12:11 of 2nd period - Shot Misses the Net.
12:53 of 2nd period - Snap shot by Evgeny Grachev.
12:53 of 2nd period - Stopped by Anders Lindback with a rebound.
13:11 of 2nd period - Slapshot by Evgeny Grachev.
13:11 of 2nd period - Stopped by Anders Lindback with a rebound.
13:13 of 2nd period - Wrist shot by Andrew Ladd.
13:13 of 2nd period - Shot Misses the Net.
13:15 of 2nd period - Wrist shot by Evgeny Grachev.
13:15 of 2nd period - Shot Blocked by Karl Alzner.
13:17 of 2nd period - Slapshot by Evgeny Grachev.
13:17 of 2nd period - Stopped by Anders Lindback with a rebound.
13:19 of 2nd period - Slapshot by Brian Lee.
13:19 of 2nd period - Deflect By Andrew Ladd.
13:19 of 2nd period - Shot Blocked by Karl Alzner.
13:19 of 2nd period - Puck is out of play.
13:20 of 2nd period - Boone Jenner wins face-off versus John Tavares in Sharks zone.
13:20 of 2nd period - Boone Jenner is hit by Tyler Wotherspoon.
13:59 of 2nd period - Minor Penalty to Cory Emmerton for Hooking.
14:00 of 2nd period - Oscar Sundqvist wins face-off versus John Tavares in Stars zone.
15:52 of 2nd period - Danny Richmond is hit by Oskar Osala and loses puck.
15:59 of 2nd period - Penalty to Cory Emmerton is over, Cory Emmerton is back on ice.
16:26 of 2nd period - Luke Adam is hit by John Tavares and loses puck.
16:37 of 2nd period - Ben Smith is hit by Scott Kosmachuck and loses puck.
17:08 of 2nd period - Guillaume Latendresse is hit by Wayne Simmonds and loses puck.
17:24 of 2nd period - Wrist shot by Michael Grabner.
17:24 of 2nd period - Stopped by Anders Lindback with a rebound.
17:26 of 2nd period - Snap shot by Danny Richmond.
17:26 of 2nd period - Stopped by Anders Lindback without a rebound.
17:27 of 2nd period - Evgeny Kuznetsov wins face-off versus Brandon Dubinsky in Sharks zone.
17:34 of 2nd period - Wrist shot by Scott Kosmachuck.
17:34 of 2nd period - Stopped by Anders Lindback with a rebound.
17:36 of 2nd period - Slapshot by Danny Richmond.
17:36 of 2nd period - Deflect By Tyler Cuma.
17:36 of 2nd period - Stopped by Anders Lindback with a rebound.
17:38 of 2nd period - Snap shot by Paul Ladue.
17:38 of 2nd period - Stopped by Anders Lindback with a rebound.
17:52 of 2nd period - Paul Ladue is hit by Boone Jenner and loses puck.
19:30 of 2nd period - Snap shot by Guillaume Latendresse.
19:30 of 2nd period - Stopped by Anders Lindback without a rebound.
19:31 of 2nd period - Boone Jenner wins face-off versus Evgeny Kuznetsov in Sharks zone.
19:36 of 2nd period - Evgeny Kuznetsov is hit by Ronalds Kenins and loses puck.
19:45 of 2nd period - Jonathan Drouin is hit by Boone Jenner and loses puck.
19:56 of 2nd period - David Booth is hit by Boris Valabik and loses puck.
Goals for this period are 1 for Stars vs 0 for Sharks.
Shots for this period are 16 for Stars vs 8 for Sharks.
3rd period
0:01 of 3rd period - Boone Jenner wins face-off versus Michael Grabner in neutral zone.
0:05 of 3rd period - Off-side.
0:06 of 3rd period - Ronalds Kenins wins face-off versus Guillaume Latendresse in neutral zone.
0:33 of 3rd period - Karl Alzner is hit by Boris Valabik and loses puck.
1:51 of 3rd period - Off-side.
1:52 of 3rd period - Cory Emmerton wins face-off versus Luke Adam in neutral zone.
2:45 of 3rd period - Snap shot by Wayne Simmonds.
2:45 of 3rd period - Shot Misses the Net.
3:05 of 3rd period - Karl Alzner is hit by Danny Richmond.
3:09 of 3rd period - David Booth is hit by Scott Kosmachuck and loses puck.
3:51 of 3rd period - Snap shot by Oskar Osala.
3:51 of 3rd period - Stopped by Matt Murray with a rebound.
4:28 of 3rd period - Off-side.
4:29 of 3rd period - Luke Adam wins face-off versus John Tavares in neutral zone.
4:37 of 3rd period - Slapshot by Danny Richmond.
4:37 of 3rd period - Deflect By Bobby Butler.
4:37 of 3rd period - Stopped by Anders Lindback with a rebound.
4:47 of 3rd period - Michael Grabner is hit by Luke Adam and loses puck.
6:09 of 3rd period - Snap shot by John Tavares.
6:09 of 3rd period - Shot Misses the Net.
6:11 of 3rd period - Slapshot by Paul Ladue.
6:11 of 3rd period - Stopped by Anders Lindback with a rebound.
6:15 of 3rd period - Snap shot by John Tavares.
6:15 of 3rd period - Deflect By Guillaume Latendresse.
6:15 of 3rd period - Stopped by Anders Lindback with a rebound.
6:17 of 3rd period - Snap shot by Guillaume Latendresse.
6:17 of 3rd period - Shot Blocked by Brandon Gormley.
6:19 of 3rd period - Slapshot by Paul Ladue.
6:19 of 3rd period - Shot Misses the Net.
6:21 of 3rd period - Slapshot by Danny Richmond.
6:21 of 3rd period - Shot Misses the Net.
6:23 of 3rd period - Snap shot by Guillaume Latendresse.
6:23 of 3rd period - Goal by Guillaume Latendresse - Stars : 5 - Sharks : 2.
6:24 of 3rd period - Brandon Dubinsky wins face-off versus Evgeny Grachev in neutral zone.
6:29 of 3rd period - Snap shot by Mike Lundin.
6:29 of 3rd period - Shot Blocked by Brian Lee.
6:58 of 3rd period - Wrist shot by Ronalds Kenins.
6:58 of 3rd period - Shot Misses the Net.
7:00 of 3rd period - Wrist shot by Ronalds Kenins.
7:00 of 3rd period - Stopped by Matt Murray without a rebound.
7:01 of 3rd period - Wayne Simmonds wins face-off versus Cory Emmerton in Stars zone.
7:02 of 3rd period - Snap shot by Ronalds Kenins.
7:02 of 3rd period - Stopped by Matt Murray with a rebound.
7:04 of 3rd period - Snap shot by Ben Lovejoy.
7:04 of 3rd period - Deflect By Wayne Simmonds.
7:04 of 3rd period - Shot Blocked by Tobias Rieder.
7:04 of 3rd period - Puck is out of play.
7:05 of 3rd period - Cory Emmerton wins face-off versus Boone Jenner in Stars zone.
7:12 of 3rd period - Boone Jenner is hit by Tobias Rieder and loses puck.
7:39 of 3rd period - Snap shot by Brandon Dubinsky.
7:39 of 3rd period - Shot Blocked by Tyler Wotherspoon.
7:59 of 3rd period - Slapshot by Karl Alzner.
7:59 of 3rd period - Shot Misses the Net.
8:01 of 3rd period - Slapshot by Karl Alzner.
8:01 of 3rd period - Stopped by Matt Murray without a rebound.
8:02 of 3rd period - Boone Jenner wins face-off versus John Tavares in Stars zone.
8:03 of 3rd period - Slapshot by Wayne Simmonds.
8:03 of 3rd period - Stopped by Matt Murray without a rebound.
8:04 of 3rd period - Boone Jenner wins face-off versus John Tavares in Stars zone.
8:08 of 3rd period - Minor Penalty to Guillaume Latendresse for Slashing.
8:09 of 3rd period - Brandon Dubinsky wins face-off versus John Tavares in Stars zone.
8:13 of 3rd period - Snap shot by Brandon Dubinsky.
8:13 of 3rd period - Stopped by Matt Murray without a rebound.
8:14 of 3rd period - John Tavares wins face-off versus Brandon Dubinsky in Stars zone.
8:45 of 3rd period - Slapshot by Ronalds Kenins.
8:45 of 3rd period - Stopped by Matt Murray without a rebound.
8:46 of 3rd period - Oscar Sundqvist wins face-off versus John Tavares in Stars zone.
8:57 of 3rd period - Snap shot by Oscar Sundqvist.
8:57 of 3rd period - Shot Misses the Net.
8:59 of 3rd period - Snap shot by Wayne Simmonds.
8:59 of 3rd period - Shot Blocked by Danny Richmond.
9:01 of 3rd period - Snap shot by Oscar Sundqvist.
9:01 of 3rd period - Goal by Oscar Sundqvist - Stars : 5 - Sharks : 3.
9:02 of 3rd period - John Tavares wins face-off versus Brandon Dubinsky in neutral zone.
9:35 of 3rd period - Snap shot by Ronalds Kenins.
9:35 of 3rd period - Shot Misses the Net.
10:40 of 3rd period - Slapshot by Tyler Cuma.
10:40 of 3rd period - Shot Misses the Net.
10:42 of 3rd period - Snap shot by David Booth.
10:42 of 3rd period - Goal by David Booth - Stars : 5 - Sharks : 4.
10:43 of 3rd period - John Tavares wins face-off versus Brandon Dubinsky in neutral zone.
11:40 of 3rd period - Cam Atkinson is hit by Bobby Butler and loses puck.
11:53 of 3rd period - Tyler Wotherspoon is hit by Jiri Tlusty and loses puck.
11:58 of 3rd period - Snap shot by Oscar Sundqvist.
11:58 of 3rd period - Shot Misses the Net.
12:00 of 3rd period - Slapshot by Mike Lundin.
12:00 of 3rd period - Shot Hit the Post.
12:16 of 3rd period - Slapshot by John Tavares.
12:16 of 3rd period - Stopped by Anders Lindback with a rebound.
12:18 of 3rd period - Wrist shot by John Tavares.
12:18 of 3rd period - Goal by John Tavares - Stars : 6 - Sharks : 4.
12:19 of 3rd period - John Tavares wins face-off versus Brandon Dubinsky in neutral zone.
14:17 of 3rd period - Snap shot by Evgeny Grachev.
14:17 of 3rd period - Shot Misses the Net.
14:19 of 3rd period - Snap shot by Alex Chiasson.
14:19 of 3rd period - Deflect By Evgeny Grachev.
14:19 of 3rd period - Stopped by Anders Lindback with a rebound.
14:21 of 3rd period - Snap shot by Andrew Ladd.
14:21 of 3rd period - Stopped by Anders Lindback with a rebound.
14:38 of 3rd period - Jiri Tlusty is hit by Evgeny Kuznetsov and loses puck.
15:00 of 3rd period - Cam Atkinson is hit by Brandon Gormley and loses puck.
15:07 of 3rd period - Brandon Dubinsky is hit by Paul Ladue and loses puck.
15:22 of 3rd period - Ronalds Kenins is hit by Guillaume Latendresse and loses puck.
16:40 of 3rd period - Danny Richmond is hit by Brandon Gormley.
16:48 of 3rd period - Snap shot by Evgeny Kuznetsov.
16:48 of 3rd period - Stopped by Anders Lindback with a rebound.
16:56 of 3rd period - Jonathan Drouin is hit by Brandon Gormley and loses puck.
17:13 of 3rd period - Wrist shot by Ben Smith.
17:13 of 3rd period - Stopped by Matt Murray with a rebound.
18:10 of 3rd period - Minor Penalty to Bobby Butler for Hooking.
18:11 of 3rd period - Ben Smith wins face-off versus John Tavares in Sharks zone.
18:11 of 3rd period - Ben Smith is hit by John Tavares.
18:26 of 3rd period - Michael Grabner is hit by Ben Smith.
Goals for this period are 2 for Stars vs 2 for Sharks.
Shots for this period are 9 for Stars vs 10 for Sharks.